 Dungeon Crawl Stone Soup version 0.30-a0-553-g7fabdf1491 (webtiles) character file.

Game seed: 10634226138214717895

203 Darkkill the Shooter (level 5, -10/46 HPs)
             Began as a Minotaur Hunter on Dec 26, 2022.
             Mangled by a gnoll
             ... wielding a +0 halberd
              (13 damage)
             ... on level 3 of the Dungeon.
             The game lasted 00:02:46 (2366 turns).

Darkkill the Shooter (Minotaur Hunter)              Turns: 2366, Time: 00:02:46

Health: -10/46     AC:  4    Str: 16    XL:     5   Next: 51%
Magic:  4/4        EV: 13    Int:  6    God:
Gold:   129        SH:  0    Dex: 15    Spells: 4/4 levels left

rFire   . . .      SeeInvis .    a - +0 shortbow
rCold   . . .      Faith    .    (shield currently unavailable)
rNeg    . . .      Spirit   .    c - +1 leather armour
rPois   .          Reflect  .    (helmet restricted)
rElec   .          Harm     .    (no cloak)
rCorr   .          Rampage  .    (no gloves)
Will    .....                    (no boots)
Stlth   ++                       (no amulet)
HPRegen 0.27/turn                (no ring)
MPRegen 0.09/turn                (no ring)

@: no status effects
A: horns 2, retaliatory headbutt
a: no special abilities


You were on level 3 of the Dungeon.
You visited 1 branch of the dungeon, and saw 3 of its levels.

You collected 129 gold pieces.

Inventory:

Hand Weapons
 a - a +0 shortbow (weapon)
Missiles
 h - 20 stones
Armour
 c - a +1 leather armour (worn)
 e - a +0 cloak
Scrolls
 b - 6 scrolls of immolation
 g - a scroll of fog
Potions
 d - 3 potions of flight
 f - a potion of brilliance {unknown}
 i - a potion of cancellation {unknown}
 j - a potion of ambrosia {unknown}
 k - a potion of attraction {unknown}
 l - a potion of lignification {unknown}
 m - a potion of heal wounds {unknown}
 n - a potion of curing {unknown}


   Skills:
 + Level 4.0 Fighting
 + Level 5.3 Ranged Weapons
 + Level 3.7 Dodging
 + Level 2.4 Stealth


You had 4 spell levels left.
You didn't know any spells.
Your spell library contained the following spells:

 Spells                   Type           Power      Damage    Failure   Level
 Beastly Appendage        Tmut           0%         N/A       52%         1
 Wereblood                Tmut           0%         N/A       67%         2
 Spider Form              Tmut/Pois      0%         N/A       88%         3
 Vhi's Electric Charge    Tloc/Air       0%         N/A       88%         3
 Arcjolt                  Conj/Air       0%         1d10      100%        5
 Maxwell's Capacitive Co  Air            0%         ∞         100%        8


Dungeon Overview and Level Annotations

Branches:
Dungeon (3/15)

Altars:
The Shining One

Annotations:
D:3 2 transporters


Innate Abilities, Weirdness & Mutations

You have a pair of horns on your head.
You reflexively headbutt those who attack you in melee.


Message History

The orc is almost dead.
The orc hits you with a +0 club. The orc hits you with a +0 short sword.
You shoot an arrow. The arrow closely misses the orc.
The orc hits you but does no damage. The orc closely misses you. x2
You furiously retaliate!
You headbutt the orc.
You kill the orc!
The orc closely misses you.
You shoot an arrow. The arrow completely misses the orc.
The orc barely misses you. You furiously retaliate!
You headbutt the orc!
You kill the orc!
You shoot an arrow. The arrow closely misses the gnoll.
The gnoll hits you with a +0 flail.
You shoot an arrow. The arrow hits the gnoll!
The gnoll is heavily wounded.
The gnoll barely misses you. x2
You shoot an arrow. The arrow hits the gnoll.
The gnoll is severely wounded.
The gnoll closely misses you.
You shoot an arrow. The arrow hits the gnoll!
You kill the gnoll!
Your Fighting skill increases to level 4!
No target in view!
No target in view!
You start resting.
HP restored.
Things that are here:
a +0 short sword; a +0 chain mail; an orc corpse
n - a glowing clear potion
There is an open door, spattered with blood here.
Things that are here:
a +0 flail; a +0 club; an orc corpse An orc comes into view.
It is wielding a +0 dagger.
Found a glowing clear potion.
There is an open door here.
The orc shouts!
You hear a shout! x4
A gnoll comes into view. It is wielding a +0 flail.
You hear a shout! x2
A gnoll and an orc come into view.
Found 5 gold pieces.
You hear a shout!
A gnoll sergeant comes into view. It is wielding a +0 spear.
The gnoll moves out of view.
You shoot an arrow.
The arrow hits the orc but does no damage.
The orc hits you with a +0 dagger. The orc closely misses you.
You shoot an arrow. The arrow hits the orc!
You kill the orc!
A gnoll comes into view. It is wielding a +0 halberd.
An orc comes into view. It is wielding a +0 flail.
An orc comes into view. It is wielding a +0 club.
There is an open door here.
An orc comes into view. It is wielding a +0 short sword.
As you read the scroll of fog, it crumbles to dust.
The scroll dissolves into smoke.
The orc closely misses you. The orc hits you with a +0 club.
The gnoll hits you from afar with a +0 halberd!
Sorry, you're not good enough to have a special ability.
The orc hits you but does no damage. The gnoll barely misses you.
The orc attacks as you move away! The orc barely misses you.
You shoot an arrow.
The arrow hits the orc but does no damage.
You hear a shout!
The gnoll barely misses you. The orc barely misses you.
You hear a shout!
You shoot an arrow. The arrow hits the orc.
The orc is heavily wounded.
The gnoll completely misses you. The orc hits you with a +0 club.
You shoot an arrow. The arrow hits the orc.
The orc is heavily wounded.
The orc barely misses you. The orc hits you with a +0 club.
The gnoll sergeant hits you from afar with a +0 spear.
The gnoll closely misses you.
You shoot an arrow.
The arrow hits the orc but does no damage.
The orc is heavily wounded.
You hear a shout!
The orc hits you with a +0 club.
The gnoll sergeant hits you from afar with a +0 spear.
The gnoll barely misses you.
You hear a shout!
You shoot an arrow. The arrow hits the orc.
The orc is severely wounded.
The orc misses you. You furiously retaliate!
You headbutt the orc!
You kill the orc!
The orc hits you but does no damage. The gnoll sergeant closely misses you.
The gnoll hits you from afar with a +0 halberd!
The gnoll hits you from afar with a +0 halberd.
* * * LOW HITPOINT WARNING * * *
The orc barely misses you.
The gnoll sergeant hits you from afar with a +0 spear.
* * * LOW HITPOINT WARNING * * *
You shoot an arrow.
The arrow hits the orc but does no damage.
The orc is severely wounded.
The orc hits you with a +0 short sword.
* * * LOW HITPOINT WARNING * * *
The orc closely misses you.
The gnoll hits you from afar with a +0 halberd!
You die...

..######## o.......#. #......g..
#.).....o. #o§..g..#
#§############ #§§g§...))...+
#§§§g.o.#....# ~ ###+
#§§.go@.#....#
~≈#...#############''''##########
~≈#.go#..........................
~≈#####≈~~~~~~~~~~~....~~≈~~~~≈~~
≈≈≈≈≈≈≈≈≈~≈≈≈≈≈≈≈≈~....~≈≈≈≈≈≈≈≈≈
~~≈≈≈≈†≈~~~~~~~≈~~~....~~~~~~≈~~~
......†.†)†.†..).................
###....†###..##.......###.#####.#
#..######.###..##.### #.# #..


You could see a gnoll sergeant, 2 gnolls and 2 orcs.

Vanquished Creatures
  An orc priest (D:2)
  2 adders (D:2)
  4 gnolls
  A worm (D:3)
  4 dart slugs
  12 orcs
  7 ball pythons
  8 endoplasms
  A giant cockroach (D:3)
  8 goblins
  4 hobgoblins
  7 jackals
  2 quokkas
  15 bats
  5 frilled lizards
  6 kobolds
  3 rats
90 creatures vanquished.

Vanquished Creatures (others)
  4 plants (D:1)
4 creatures vanquished.

Grand Total: 94 creatures vanquished

Notes
Turn   | Place    | Note
-------+----------+-------------------------------------------
     0 | D:1      | Darkkill the Minotaur Hunter began the quest for the Orb.
     0 | D:1      | Reached XP level 1. HP: 18/18 MP: 0/0
   297 | D:1      | Reached skill level 1 in Stealth
   347 | D:1      | Reached XP level 2. HP: 25/25 MP: 1/1
   490 | D:1      | Found a faded altar of an unknown god.
   494 | D:1      | Reached XP level 3. HP: 31/31 MP: 2/2
   980 | D:2      | Reached XP level 4. HP: 15/38 MP: 3/3
  1087 | D:2      | Reached skill level 5 in Ranged Weapons
  1792 | D:3      | Reached XP level 5. HP: 46/46 MP: 4/4
  1844 | D:3      | Found a transporter.
  1866 | D:3      | Noticed a small abomination
  1869 | D:3      | Found a transporter.
  1915 | D:3      | Noticed a small abomination
  2037 | D:3      | Found a glowing golden altar of the Shining One.
  2365 | D:3      | HP: 8/46 [gnoll/+0 halberd (6)]
  2366 | D:3      | HP: 3/46 [orc/+0 short sword (1)]
  2366 | D:3      | Mangled by a gnoll

Illustrated notes

Levels and vault maps discovered:
D:1:      lemuel_arrival_lava_pool, layout_basic,
          hellmonk_ecumenical_altar_blasted, nicolae_grassy_gnolls
D:2:      layout_basic
D:3:      lemuel_castle_with_subvaults [lemuel_castle_interior_carwin_3],
          layout_loops_ring, nicolae_tso_swordbearing_angel,
          gammafunk_ghost_abyssal_escape, roderic_batcave

Skill      XL: |  1  2  3  4  5 |
---------------+----------------+-----
Stealth        | 1 2 |  2.4
Fighting       | 3 4 |  4.0
Dodging        | 3 |  3.7
Ranged Weapons | 5 |  5.3

Action                   |  1- 3 |  4- 6 || total
-------------------------+-------+-------++-------
 Fire: Shortbow          |    96 |   114 ||   210
  Use: Scroll            |     4 |     4 ||     8
Armor: Leather armour    |    15 |    19 ||    34
Dodge: Dodged            |    35 |    55 ||    90

Table legend: (Time is in decaauts)
 A = Elapsed time spent in this place.
 B = Non-inter-level travel time spent in this place.
 C = Inter-level travel time spent in this place.
 D = Time resting spent in this place.
 E = Time spent auto-exploring this place.
 F = Levels seen in this place.
 G = Mean time per level.
                   A        B        C        D        E       F      G
               +--------+--------+--------+--------+--------+-----+--------+
         Total |   2425 |   2389 |     36 |     79 |   1899 |   3 |  808.3 |
       Dungeon |   2425 |   2389 |     36 |     79 |   1899 |   3 |  808.3 |
               +--------+--------+--------+--------+--------+-----+--------+

Top non-repeatable levels by time:
     D:2: 953 daAuts
     D:1: 845 daAuts
     D:3: 627 daAuts

Table legend:
 A = Kills in this place as a percentage of kills in entire the game.
 B = Kills by you in this place as a percentage of kills by you in the entire game.
 C = Kills by friends in this place as a percentage of kills by friends in the entire game.
 D = Other kills in this place as a percentage of other kills in the entire game.
 E = Experience gained in this place as a percentage of experience gained in the entire game.
 F = Experience gained in this place divided by the number of levels of this place that you have seen.
                   A       B       C       D       E      F
               +-------+-------+-------+-------+-------+----------------------
         Total | 100.0 | 100.0 |   N/A |   N/A | 100.0 |  97.0
       Dungeon | 100.0 | 100.0 |   N/A |   N/A | 100.0 |  97.0
               +-------+-------+-------+-------+-------+----------------------
